 Dungeon Crawl Stone Soup version 0.28.0-43-g3370ac3207 (webtiles) character file.

Game seed: 9262025721376646210

494 Peloso the Slasher (level 6, 0/53 HPs)
             Began as a Minotaur Fighter on Mar 24, 2022.
             Was a Follower of Okawaru.
             Slain by an ufetubus (2 damage)
             ... on level 5 of the Dungeon.
             The game lasted 00:08:35 (5318 turns).

Peloso the Slasher (Minotaur Fighter)               Turns: 5318, Time: 00:08:37

Health: 0/53       AC:  9    Str: 21    XL:     6   Next: 92%
Magic:  5/5        EV:  6    Int:  5    God:    Okawaru [*.....]
Gold:   226        SH:  5    Dex: 11    Spells: 5/5 levels left

rFire   . . .      SeeInvis .   a - +0 long sword
rCold   . . .      Faith    .   c - +0 buckler
rNeg    . . .      Spirit   .   p - +0 plate armour
rPois   .          Reflect  .   (helmet restricted)
rElec   .          Harm     .   t - +0 cloak
rCorr   .          Rampage  .   (no gloves)
Will    .....                   (no boots)
Stlth   ..........              (no amulet)
HPRegen 0.17/turn               (no ring)
MPRegen 0.09/turn               (no ring)

@: corroded
A: horns 2, retaliatory headbutt
a: Renounce Religion, Heroism


You were on level 5 of the Dungeon.
You worshipped Okawaru.
Okawaru was aware of your devotion.
You visited 2 branches of the dungeon, and saw 6 of its levels.

You collected 226 gold pieces.

Inventory:

Hand Weapons
 a - a +0 long sword (weapon)
 b - a +0 hand axe of flaming
Armour
 c - a +0 buckler (worn)
 h - a +0 cloak
 n - a +0 scale mail
 p - a +0 plate armour (worn)
 t - a +0 cloak (worn)
Scrolls
 f - 2 scrolls of magic mapping {unknown}
 g - 2 scrolls of teleportation {unknown}
 j - 2 scrolls of amnesia {unknown}
 k - 2 scrolls of fog {unknown}
 l - 2 scrolls of identify {unknown}
 m - a scroll of vulnerability {unknown}
 q - a scroll of fear {unknown}
 s - a scroll of silence {unknown}
Potions
 d - a potion of might
 e - 4 potions of brilliance {unknown}
 i - a potion of ambrosia {unknown}
 o - a potion of degeneration {unknown}
 r - a potion of lignification {unknown}
 u - a potion of attraction {unknown}


   Skills:
 + Level 4.6 Fighting
 + Level 5.9 Long Blades
 + Level 5.7 Armour
 + Level 1.0 Dodging
 + Level 0.3 Stealth
 + Level 5.2 Shields


You had 5 spell levels left.
You didn't know any spells.
Your spell library contained the following spells:

 Spells                   Type           Power      Damage    Failure   Level
 Beastly Appendage        Tmut           0%         N/A       100%        1
 Wereblood                Tmut           0%         N/A       100%        2
 Gell's Gravitas          Tloc           0%         N/A       100%        3
 Spider Form              Tmut/Pois      0%         N/A       100%        3
 Teleport Other           Tloc           0%         N/A       100%        3
 Dispersal                Tloc           0%         N/A       100%        6
 Orb of Destruction       Conj           0%         9d5       100%        7
 Summon Guardian Golem    Hex/Summ       Unusable   N/A       N/A         3
 Spellforged Servitor     Conj/Summ      Unusable   N/A       N/A         7

Dungeon Overview and Level Annotations

Branches:
Dungeon (5/15)             Temple (1/1) D:4

Altars:
Cheibriados
Dithmenos
Hepliaklqana
Kikubaaqudgha
Nemelex Xobeh
Okawaru
Uskayaw
Vehumet
Xom
Yredelemnul
Zin

Shops:
D:4 [


Innate Abilities, Weirdness & Mutations

You have a pair of horns on your head.
You reflexively headbutt those who attack you in melee.


Message History

You slash the acid dragon!
The acid dragon is heavily wounded.
The acid dragon bites you!
The acid dragon claws you but does no damage.
You hit the acid dragon.
The acid dragon is severely wounded.
The acid dragon spits acid at you. The splash of acid hits you!
The acid corrodes you! You block the acid dragon's attack.
The acid dragon claws you but does no damage.
You closely miss the acid dragon.
You headbutt the acid dragon, but do no damage.
The acid dragon is severely wounded.
An ufetubus comes into view.
The acid dragon bites you.
The acid dragon claws you but does no damage.
You completely miss the acid dragon.
The acid dragon is severely wounded.
The acid dragon bites you!
The acid dragon claws you but does no damage.
You hit the acid dragon but do no damage.
The acid dragon is severely wounded.
The acid dragon spits acid at you. The splash of acid hits you!
* * * LOW HITPOINT WARNING * * *
You hear a shout!
You hit the acid dragon.
The acid dragon is almost dead.
The acid dragon completely misses you. The acid dragon claws you.
* * * LOW HITPOINT WARNING * * *
You closely miss the acid dragon. Your headbutt misses the acid dragon.
The acid dragon is almost dead.
You block the acid dragon's attack. x2
You hit the acid dragon.
You kill the acid dragon!
Okawaru is honoured by your kill.
You can now gain great but temporary skills.
The acid dragon scales are intact enough to wear.
The ufetubus hits you.
You die...

#.#
######.♣.####
#.# #...# #.#
##>## #.# ###
#.# #.# #.#
#.# #@# #5#
#.# #.# #..
###


You could see an ufetubus.

Vanquished Creatures
  An acid dragon (D:5)
  Duvessa (D:4)
  Dowan (Temple)
  A hound (D:4)
  Crazy Yiuf (D:4)
  2 orc priests
  Terence (D:2)
  An orc wizard (D:5)
  A hound zombie (D:3)
  6 adders
  A shadow imp (D:5)
  A white imp (D:5)
  An adder zombie (D:5)
  2 adder skeletons (D:4)
  A worm (D:2)
  A dart slug (D:2)
  8 orcs
  8 ball pythons
  5 bats
  10 endoplasms
  A giant cockroach (D:1)
  7 goblins
  3 hobgoblins
  2 quokkas (D:1)
  4 frilled lizards
  5 kobolds
  7 rats
83 creatures vanquished.

Vanquished Creatures (others)
  A plant (D:3)
1 creature vanquished.

Grand Total: 84 creatures vanquished

Notes
Turn   | Place    | Note
-------+----------+-------------------------------------------
     0 | D:1      | Peloso the Minotaur Fighter began the quest for the Orb.
     0 | D:1      | Reached XP level 1. HP: 19/19 MP: 0/0
   273 | D:1      | Reached XP level 2. HP: 27/27 MP: 1/1
   751 | D:2      | Reached XP level 3. HP: 30/33 MP: 2/2
  1132 | D:2      | Noticed Terence
  1143 | D:2      | Killed Terence
  1144 | D:2      | Reached XP level 4. HP: 24/40 MP: 3/3
  2142 | D:3      | Reached XP level 5. HP: 45/46 MP: 4/4
  3127 | D:4      | Reached skill level 5 in Long Blades
  3127 | D:4      | Reached skill level 5 in Armour
  3128 | D:4      | Reached skill level 1 in Dodging
  3266 | D:4      | Found a staircase to the Ecumenical Temple.
  3267 | D:4      | Noticed Dowan
  3268 | D:4      | Noticed Duvessa
  3285 | Temple   | Entered the Ecumenical Temple
  3305 | Temple   | Became a worshipper of Warmaster Okawaru
  3439 | D:4      | Killed Duvessa
  3440 | D:4      | Reached XP level 6. HP: 33/53 MP: 5/5
  3992 | Temple   | Killed Dowan
  3993 | Temple   | Reached skill level 5 in Shields
  4387 | D:4      | Found Sasuti's Antique Armour Emporium.
  4448 | D:4      | Found a snail-covered altar of Cheibriados.
  4671 | D:4      | Found a runed translucent door.
  4672 | D:4      | Noticed Crazy Yiuf
  4679 | D:4      | Killed Crazy Yiuf
  4840 | D:5      | Entered Level 5 of the Dungeon
  4968 | D:5      | Noticed an orc warrior
  5307 | D:5      | Noticed an acid dragon
  5316 | D:5      | HP: 2/53 [acid dragon (1)]
  5318 | D:5      | Killed an acid dragon
  5318 | D:5      | Reached * piety under Okawaru
  5318 | D:5      | Slain by an ufetubus

Illustrated notes

Levels and vault maps discovered:
D:1:      dpeg_arrival_tiny_c, layout_loops_cross
D:2:      layout_loops_corners, chequers_serial_rivers_small_b, uniq_terence
D:3:      layout_loops_corners, serial_bayou_pond_b
D:4:      layout_loops_corners, mainiacjoe_overflow_alcove_4,
          minmay_temple_entry_overgrown, serial_shops,
          nicolae_shop_competitors_out_of_business, uniq_duvessa,
          uniq_crazy_yiuf_cottage
D:5:      layout_loops_ring, corexii_leaking_fountain, grunt_ministairs_4
Temple:   chequers_temple_sunken

Skill      XL: |  1  2  3  4  5  6 |
---------------+-------------------+-----
Armour         | 4 5 |  5.7
Shields        | 4 5 |  5.2
Long Blades    | 3 4 5 |  5.9
Fighting       | 4 |  4.6
Dodging        | 1 |  1.0
Stealth        | |  0.3

Action                   |  1- 3 |  4- 6 || total
-------------------------+-------+-------++-------
Melee: Long sword        |    61 |   163 ||   224
       Headbutt          |     9 |    27 ||    36
Armor: Scale mail        |    19 |    21 ||    40
       Plate armour      |       |    76 ||    76
Dodge: Dodged            |    29 |    53 ||    82
Block: Buckler           |    15 |    41 ||    56
